 Dungeon Crawl Stone Soup version 0.30-a0-475-g03497ec522 (webtiles) character file.

Game seed: 12546619456004566765

5656 Rohain the Destroyer (level 10, -5/94 HPs)
             Began as a Yellow Draconian Conjurer on Dec 20, 2022.
             Slain by an ancient zyme (11 damage)
             ... on level 1 of the Abyss.
             The game lasted 00:27:41 (11184 turns).

Rohain the Destroyer (Yellow Draconian Conjurer)   Turns: 11184, Time: 00:27:42

Health: -5/94      AC: 10    Str:  9    XL:     10   Next: 46%
Magic:  20/20      EV: 12    Int: 23    God:
Gold:   654        SH:  0    Dex: 10    Spells: 10/23 levels left

rFire   + + +      SeeInvis +    q - +2 hand axe of Ifruet {flame, *Noise rF+ rCorr Stlth+}
rCold   . . .      Faith    .    (no shield)
rNeg    . . .      Spirit   .    (body armour unavailable)
rPois   +          Reflect  .    (helmet restricted)
rElec   .          Harm     .    (no cloak)
rCorr   +          Rampage  .    f - +0 pair of gloves
Will    .....                    h - +1 pair of boots "Romu" {rF++ Stlth+}
Stlth   ++++......               g - amulet of regeneration
HPRegen 0.00/turn                m - ring of see invisible
MPRegen 0.17/turn                d - ring of poison resistance

@: about to teleport, sick, studying Fighting
A: spit acid, AC +7, unfitting armour, cold-blooded, acid resistance
a: Breathe Acid


You were on level 1 of the Abyss.
You visited 2 branches of the dungeon, and saw 10 of its levels.
You visited the Abyss 1 time.
You also visited: Bailey.

You collected 654 gold pieces.

Inventory:

Hand Weapons
 q - the +2 hand axe of Ifruet (weapon) {flame, *Noise rF+ rCorr Stlth+}
   (You found it on level 4 of the Dungeon)

   It burns those it strikes, dealing additional fire damage.
   Big, fiery blades are also staple armaments of hydra-hunters.
   rF:        It protects you from fire.
   *Noise:    It may make noises in combat.
   rCorr:     It protects you from acid and corrosion.
   Stlth:     It makes you more stealthy.
Missiles
 l - 18 poisoned darts
 y - 2 throwing nets
Armour
 c - a +1 pair of boots
 f - a +0 pair of gloves (worn)
 h - the +1 pair of boots "Romu" (worn) {rF++ Stlth+}
   (You acquired it on level 3 of the Dungeon)

   rF:        It greatly protects you from fire.
   Stlth:     It makes you more stealthy.
Jewellery
 d - a ring of poison resistance (right hand)
 g - an amulet of regeneration (around neck)
 m - a ring of see invisible (left hand)
 D - the amulet of Eternity {Faith rN+}
   (You found it in a bailey)

   [amulet of faith]

   It allows you to gain divine favour quickly.
   rN:        It protects you from negative energy.
Wands
 u - a wand of iceblast (3)
 A - a wand of polymorph (11)
Scrolls
 e - 3 scrolls of teleportation
 i - a scroll of summoning
 j - 3 scrolls of noise
 k - a scroll of poison
 o - a scroll of fear
 v - a scroll of brand weapon
 z - a scroll of amnesia
 F - a scroll of silence
 G - a scroll of fog {unknown}
 H - a scroll of identify
Potions
 a - 2 potions of magic
 b - a potion of brilliance
 n - a potion of might {unknown}
 p - 2 potions of heal wounds {unknown}
 r - a potion of curing
 s - a potion of resistance {unknown}
 w - 2 potions of attraction
 x - a potion of mutation {unknown}
 C - 4 potions of flight
 E - 2 potions of berserk rage {unknown}
Miscellaneous
 B - a condenser vane (inert)


   Skills:
 + Level 10.8 Fighting
 - Level 1.7 Dodging
 - Level 1.7 Stealth
 + Level 7.1 Spellcasting
 * Level 11.3 Conjurations
 + Level 4.9 Fire Magic
 + Level 2.2 Evocations


You had 10 spell levels left.
You knew the following spells:

 Your Spells              Type           Power      Damage    Failure   Level
a - Magic Dart            Conj           100%       1d8       1%          1
b - Searing Ray           Conj           100%       2d8       1%          2
c - Flame Wave            Conj/Fire      45%        2d12      2%          4
d - Sticky Flame          Conj/Fire      45%        2d6       2%          4
e - Poisonous Vapours     Pois/Air       16%        N/A       12%         2

Your spell library contained the following spells:

 Spells                   Type           Power      Damage    Failure   Level
 Dazzling Flash           Conj/Hex       68%        N/A       2%          3
 Mephitic Cloud           Conj/Pois/Air  25%        N/A       4%          3
 Fulminant Prism          Conj/Hex       17%        3d10      8%          4
 Iskenderun's Mystic Bla  Conj/Tloc      34%        2d8       8%          4
 Inner Flame              Hex/Fire       19%        N/A       9%          3
 Cigotuvi's Dreadful Rot  Necr/Pois/Air  16%        N/A       12%         2
 Ignite Poison            Fire/Tmut/Pois 15%        N/A       12%         3
 Kindle Blastsparks       Fire/Tloc/Air  30%        2d12      12%         3
 Tukima's Dance           Hex            8%         N/A       22%         3
 Freezing Cloud           Conj/Ice/Air   12%        6-21      41%         5
 Passage of Golubria      Tloc           8%         N/A       58%         4
 Yara's Violent Unravell  Hex/Tmut       4%         3d4       91%         5


Dungeon Overview and Level Annotations

Branches:
Dungeon (9/15)             Temple (1/1) D:7            Lair (0/5) D:8
 Bailey (visited)
    Orc: D:9-12

Altars:
Ashenzari
Cheibriados
Dithmenos
Elyvilon
Fedhas
Gozag
Hepliaklqana
Kikubaaqudgha
Nemelex Xobeh
Okawaru
Qazlal
Ru
Sif Muna
Trog
Uskayaw
Wu Jian
Xom
Yredelemnul
Zin
The Shining One

Annotations:
D:6 1 runed translucent door, Crazy Yiuf


Innate Abilities, Weirdness & Mutations

You can spit globs of acid.
Your golden yellow scales are hard. (AC +7)
You cannot fit into any form of body armour.
You are cold-blooded and may be slowed by cold attacks.
You are resistant to acid. (rCorr)


Message History

The green draconian monk tail-slaps you.
A small abomination comes into view.
The small abomination closely misses you.
Your extra speed is starting to run out.
The small abomination hits you!
* * * LOW HITPOINT WARNING * * *
The small abomination hits you.
* * * LOW HITPOINT WARNING * * *
The green draconian monk hits you!
* * * LOW HITPOINT WARNING * * *
The green draconian monk kicks you!
* * * LOW HITPOINT WARNING * * *
The green draconian monk closely misses you. x2
You feel yourself slow down.
An ancient zyme comes into view.
Okay, then.
As you read the scroll of teleportation, it crumbles to dust.
You feel strangely unstable.
You feel the power of the Abyss delaying your translocation!
You feel yourself growing ill in the presence of the ancient zyme.
A small abomination comes into view.
The green death gestures at you. The bolt of poison misses you.
The small abomination moves out of view.
You feel ill. The green death gestures at you. The blast of poison engulfs you.
You are lethally poisoned!
You resist.
* * * LOW HITPOINT WARNING * * *
The ancient zyme attacks as you move away!
The ancient zyme completely misses you.
The ancient zyme hits you but does no damage.
* * * LOW HITPOINT WARNING * * *
You feel very sick.
You feel better. The ancient zyme hits you!
* * * LOW HITPOINT WARNING * * *
The ancient zyme hits you but does no damage.
The ancient zyme barely misses you. The ancient zyme hits you!
You die...

#.# # .. ..# #.# ..#.
#.#.#q..#. .. #
..#..#..#.#.#.# ..
.#2...##.##..#.#.. #
.##.###.#...#..#...##.#
#...###...###...###...##
.... #....5#.....#.....#
.. ........q○○°○........
.....#... .#.2○x@#...
#...###...###°.°## .
###.## ##.## .# .'.....
### ....##..... ..##....
# .. #. . ' # ..


You could see a green draconian monk, a green death, an ancient zyme and a
quasit.

Vanquished Creatures
  A cyclops (D:9)
  Grinder (D:5)
  9 yaks
  A shadow (D:9)
  Menkaure (D:5)
  Edmund (D:6)
  3 acid dragons
  Duvessa (D:6)
  A water moccasin (D:9)
  6 orc warriors
  2 sky beasts
  A black bear (D:5)
  An ice beast (D:7)
  A phantom (D:6)
  5 bullfrogs
  2 necrophages
  2 scorpions
  8 wights
  Dowan (D:6)
  3 howler monkeys
  4 orc priests
  2 gnoll boudas (D:7)
  5 iguanas
  6 orc wizards
  14 gnolls
  7 adders
  3 white imps
  An ufetubus (D:5)
  2 worms
  A dart slug (D:4)
  27 orcs
  3 bats
  5 endoplasms
  A giant cockroach (D:3)
  12 goblins
  9 hobgoblins
  7 jackals
  3 quokkas
  9 ball pythons
  4 frilled lizards
  12 kobolds
  11 rats
199 creatures vanquished.

Vanquished Creatures (others)
  A plant (D:8)
1 creature vanquished.

Grand Total: 200 creatures vanquished

Notes
Turn   | Place    | Note
-------+----------+-------------------------------------------
     0 | D:1      | Rohain the Draconian Conjurer began the quest for the Orb.
     0 | D:1      | Reached XP level 1. HP: 14/14 MP: 3/3
   345 | D:1      | Reached XP level 2. HP: 20/20 MP: 3/5
   348 | D:1      | Learned a level 2 spell: Searing Ray
  1134 | D:2      | Found an ancient bone altar of Kikubaaqudgha.
  1391 | D:2      | Reached XP level 3. HP: 26/26 MP: 0/6
  1656 | D:2      | Reached skill level 5 in Conjurations
  2034 | D:3      | Reached XP level 4. HP: 33/33 MP: 3/8
  2443 | D:3      | Identified a scroll of acquirement
  2444 | D:3      | Acquired the +1 pair of boots "Romu" {rF++ Stlth+}
  3054 | D:4      | Reached skill level 1 in Fighting
  3062 | D:4      | Noticed a necrophage
  3123 | D:4      | Identified the +2 hand axe of Ifruet {flame, *Noise rF+
                  | rCorr Stlth+}
  3318 | D:4      | Killed a necrophage
  3319 | D:4      | Reached XP level 5. HP: 40/41 MP: 1/9
  3679 | D:4      | Found an iron altar of Okawaru.
  3940 | D:5      | Entered Level 5 of the Dungeon
  4007 | D:4      | Reached skill level 6 in Conjurations
  4128 | D:5      | Reached XP level 6. HP: 50/51 MP: 1/11
  4238 | D:5      | Noticed Grinder
  4752 | D:5      | Killed Grinder
  4753 | D:5      | Reached skill level 5 in Fighting
  4753 | D:5      | Reached skill level 7 in Conjurations
  4753 | D:5      | Your scales start taking on a golden yellow colour.
  4753 | D:5      | Reached XP level 7. HP: 61/61 MP: 3/13
  4753 | D:5      | Gained mutation: You are resistant to acid. (rCorr) [Yellow
                  | Draconian growth]
  4836 | D:5      | Found an opulent altar of Gozag.
  4963 | D:5      | Noticed Menkaure
  4969 | D:5      | Killed Menkaure
  5327 | D:6      | Noticed Dowan
  5328 | D:6      | Noticed Duvessa
  5695 | D:5      | Reached XP level 8. HP: 63/70 MP: 11/15
  5793 | D:6      | Reached skill level 8 in Conjurations
  5859 | D:6      | Found a shimmering altar of Xom.
  5873 | D:6      | Found a stormy altar of Qazlal.
  5876 | D:6      | Found a broken altar of Ashenzari.
  5915 | D:6      | Found a shadowy altar of Dithmenos.
  6002 | D:6      | Reached skill level 5 in Spellcasting
  6010 | D:6      | Killed Duvessa
  6011 | D:6      | Killed Dowan
  6238 | D:6      | Learned a level 4 spell: Flame Wave
  6458 | D:6      | Found a runed translucent door.
  6459 | D:6      | Noticed Crazy Yiuf
  6606 | D:6      | Noticed Edmund
  6626 | D:6      | Killed Edmund
  6627 | D:6      | Reached skill level 9 in Conjurations
  6627 | D:6      | Reached skill level 1 in Fire Magic
  6713 | D:6      | Found an ornate altar of the Wu Jian Council.
  7249 | D:7      | Reached XP level 9. HP: 81/81 MP: 11/17
  7261 | D:7      | Learned a level 4 spell: Sticky Flame
  7747 | D:7      | Found a staircase to the Ecumenical Temple.
  7762 | Temple   | Entered the Ecumenical Temple
  8613 | D:8      | Found a flagged portal.
  8620 | Bailey   | Entered a bailey
  8733 | Bailey   | Learned a level 2 spell: Poisonous Vapours
  8760 | Bailey   | Reached skill level 10 in Conjurations
  8817 | Bailey   | Identified the +6 great sword "Newtbane" {speed, Str+3
                  | Stlth+}
  8931 | Bailey   | Identified the amulet of Eternity {Faith rN+}
  9013 | Bailey   | Identified the +6 whip "Hasseon" {distort, rF- Dex+5}
  9234 | D:8      | Found a hide-covered altar of Uskayaw.
  9343 | D:8      | Found a glowing golden altar of the Shining One.
  9378 | D:8      | Reached skill level 10 in Fighting
  9378 | D:8      | Reached XP level 10. HP: 64/93 MP: 7/20
  9461 | D:8      | Found a staircase to the Lair.
 10536 | D:8      | Reached skill level 1 in Evocations
 10669 | D:9      | Reached skill level 11 in Conjurations
 10905 | D:9      | Noticed a cyclops
 10925 | D:9      | Killed a cyclops
 11096 | Abyss:1  | Cast into level 1 of the Abyss (orc warrior)
 11124 | Abyss:1  | Noticed a wretched star
 11151 | Abyss:1  | Noticed a green death
 11153 | Abyss:1  | Noticed a green draconian monk
 11171 | Abyss:1  | HP: 2/94 [green draconian monk (11)]
 11184 | Abyss:1  | Slain by an ancient zyme

Illustrated notes

Levels and vault maps discovered:
D:1:      lightli_arrival_statue_moat, layout_rooms, hex_intersection,
          minmay_bisected
D:2:      layout_loops_ring, basic_altar, nrook_mini_backslash
D:3:      layout_basic, chequers_serial_rivers_marsh
D:4:      layout_loops_ring, mainiacjoe_overflow_small_starburst
D:5:      nicolae_cairo_tiling_very_big, layout_basic, grunt_gozag_breadcrumbs,
          uniq_grinder, uniq_menkaure
D:6:      layout_cave_pools, grunt_temple_overflow_cloverleaf,
          nzn_wu_jian_council_hall, minmay_misc_feat_square, uniq_edmund,
          uniq_duvessa, uniq_crazy_yiuf_cottage
D:7:      layout_gridville, temple_fountains
D:8:      layout_basic, tso_oasis_becter, nicolae_overflow_crystal_walls,
          lair_entry_dummy, enter_bailey_4
D:9:      minmay_the_grid_triangle_9x9_recursive_2_mashed
          [minmay_the_grid_triangle_9x9_prize_insulated,
          minmay_the_grid_triangle_9x9_corruption,
          minmay_the_grid_triangle_9x9_longest,
          minmay_the_grid_triangle_9x9_semitri], layout_loops_ring,
          minmay_shop_mayhem, uniq_joseph, uniq_prince_ribbit1
Temple:   nicolae_temple_ecumenical_triangle
Abyss:1:  base: D:5, evilmike_abyss_exit_15

Skill      XL: |  1  2  3  4  5  6  7  8  9 10 |
---------------+-------------------------------+-----
Conjurations   | 5 6 7 9 10 11 | 11.3
Spellcasting   | 3 4 5 6 7 |  7.1
Fighting       | 2 3 5 6 8 10 | 10.8
Fire Magic     | 2 4 |  4.9
Evocations     | 2 |  2.2
Dodging        | |  1.7
Stealth        | |  1.7

Action                   |  1- 3 |  4- 6 |  7- 9 | 10-12 || total
-------------------------+-------+-------+-------+-------++-------
Melee: Unarmed           |    53 |    14 |       |       ||    67
       Tailslap          |     4 |     3 |    10 |     2 ||    19
       Hand axe          |       |     8 |    65 |    15 ||    88
       Punch             |       |       |     1 |       ||     1
 Cast: Magic Dart        |    60 |    91 |    68 |     7 ||   226
       Searing Ray       |     2 |    14 |    37 |     4 ||    57
       Sticky Flame      |       |       |    18 |    16 ||    34
       Flame Wave        |       |       |     4 |     1 ||     5
       Poisonous Vapours |       |       |     2 |     3 ||     5
 Abil: Breathe Acid      |       |       |     8 |       ||     8
Evoke: Condenser vane    |       |       |     1 |       ||     1
  Use: Scroll            |     2 |     6 |     6 |     2 ||    16
       Potion            |       |       |       |     2 ||     2
Armor: Skin              |    30 |    17 |    53 |    19 ||   119
Dodge: Dodged            |    48 |    32 |   101 |    31 ||   212

Table legend: (Time is in decaauts)
 A = Elapsed time spent in this place.
 B = Non-inter-level travel time spent in this place.
 C = Inter-level travel time spent in this place.
 D = Time resting spent in this place.
 E = Time spent auto-exploring this place.
 F = Levels seen in this place.
 G = Mean time per level.
                   A        B        C        D        E       F      G
               +--------+--------+--------+--------+--------+-----+--------+
         Total |  11209 |  10973 |    236 |   3209 |   5476 |  12 |  934.1 |
       Dungeon |  10568 |  10337 |    231 |   3131 |   5194 |   9 | 1174.2 |
        Temple |     56 |     51 |      5 |      0 |     30 |   1 |   56.0 |
         Abyss |     72 |     72 |      0 |      0 |      0 |   1 |   72.0 |
        Bailey |    512 |    512 |      0 |     78 |    251 |   1 |  512.0 |
               +--------+--------+--------+--------+--------+-----+--------+

Top non-repeatable levels by time:
     D:8: 1763 daAuts
     D:5: 1605 daAuts
     D:6: 1464 daAuts
     D:7: 1333 daAuts
     D:1: 1141 daAuts
     D:3: 1023 daAuts
     D:4: 970 daAuts
     D:2: 873 daAuts
  Bailey: 512 daAuts
     D:9: 392 daAuts
 Abyss:1: 72 daAuts
  Temple: 56 daAuts
